 Dungeon Crawl Stone Soup version 0.31.0-9-g3a7656b989 (webtiles) character file.

Game seed: 10123757289308909266

49 qw the Shooter (level 3, -2/20 HPs)
             Began as a Deep Elf Hunter on Feb 2, 2024.
             Slain by an adder (3 damage)
             ... on level 3 of the Dungeon.
             The game lasted 00:00:09 (1852 turns).

qw the Shooter (Deep Elf Hunter)                    Turns: 1852, Time: 00:00:09

Health: -2/20      AC:  5    Str: 10    XL:     3   Next: 53%
Magic:  5/5        EV: 11    Int: 13    God:
Gold:   102        SH:  0    Dex: 18    Spells: 2/2 levels left

rFire   . . .        a - +0 shortbow
rCold   . . .        (shield currently unavailable)
rNeg    . . .        i - +0 ring mail
rPois   .            (no helmet)
rElec   .            (no cloak)
rCorr   .            (no gloves)
SInv    .            (no boots)
Will    .....        (no amulet)
Stlth   +            (no ring)
HPRegen 0.23/turn    (no ring)
MPRegen 0.09/turn

%: no passive effects
@: lethally poisoned (-2 -> -5)
A: no striking features
a: no special abilities


You were on level 3 of the Dungeon.
You visited 1 branch of the dungeon, and saw 3 of its levels.

You collected 102 gold pieces.


   Skills:
 - Level 1.5 Fighting
 + Level 7.1 Ranged Weapons
 - Level 2.4 Dodging
 - Level 1.2 Stealth


You had 2 spell levels left.
You didn't know any spells.
Your spell library was empty.

Inventory:

Hand Weapons
 a - a +0 shortbow (weapon)
Armour
 g - a +0 pair of gloves
 i - a +0 ring mail (worn)
Scrolls
 c - a scroll of immolation {unknown}
 e - a scroll of identify
 j - a scroll of poison {unknown}
Potions
 b - a potion of magic {unknown}
 f - a potion of curing {unknown}
 h - a potion of might {unknown}
 k - 2 potions of ambrosia {unknown}
 l - a potion of cancellation {unknown}

Dungeon Overview and Level Annotations

Branches:
Dungeon (3/15)

Altars:
Gozag

Annotations:
D:3 Natasha


Message History

Enter note:
Enter note:
Enter note:
1845 ||| RETREEEEATING.
The adder barely misses you.
You shoot an arrow. The arrow hits the adder.
The adder is moderately wounded.
The adder bites you but does no damage.
The cerulean imp hits you from afar with a +4 spear.
1847 ||| DRINKING potion of heal wounds.
You feel much better. The adder bites you but does no damage.
The cerulean imp hits you but does no damage.
You shoot an arrow. The arrow misses the adder.
The adder barely misses you. The cerulean imp misses you.
The adder closely misses you.
Enter note:
Enter note:
Enter note:
1849 ||| RETREEEEATING.
The adder attacks as it pursues you! The adder closely misses you.
The cerulean imp attacks as it pursues you!
The cerulean imp barely misses you.
1850 ||| RETREEEEATING.
The cerulean imp attacks as it pursues you!
The cerulean imp hits you from afar with a +4 spear. x2
The adder bites you.
You are poisoned.
The adder poisons you!
You shoot an arrow.
The arrow hits the adder but does no damage.
The adder is lightly wounded.
You feel sick. The adder closely misses you.
The cerulean imp hits you from afar with a +4 spear!
You shoot an arrow. The arrow hits the adder.
The adder is moderately wounded.
You feel sick. The adder closely misses you.
The cerulean imp hits you from afar with a +4 spear.
The adder bites you.
You die...

### #.. .... ..# #...
#..##
#######....##h..#.#..
.#..8# .##....5.....#
...._# .##.##.####
.#..8# .##.#5....#
#######.##....##....#
#.##.......#.########
.........#.#.55S@...#
.##.#<...#.#..#####.#
.##........#........###
.######.####...........
.# .#####..#######. .#
........#
.#############.#
...............#
################


You could see 2 cerulean imps and an adder.

Vanquished Creatures
  An adder (D:3)
  A dart slug (D:3)
  3 ball pythons
  4 bats
  4 endoplasms
  2 goblins
  6 hobgoblins
  2 jackals (D:2)
  A quokka (D:1)
  4 frilled lizards
  6 kobolds
  A rat (D:2)
35 creatures vanquished.

Notes
Turn   | Place    | Note
-------+----------+-------------------------------------------
     0 | D:1      | qw the Deep Elf Hunter began the quest for the Orb.
     0 | D:1      | Reached XP level 1. HP: 12/12 MP: 3/3
     0 | D:1      | 0 ||| qw: Version: 0.3-a-155-g5e7d8dd
     0 | D:1      | 0 ||| qw: Game counter: 346
     0 | D:1      | 0 ||| qw: Melee chars always use a shield: true
     0 | D:1      | 0 ||| qw: God list: Okawaru
     0 | D:1      | 0 ||| qw: Allow faded altars: false
     0 | D:1      | 0 ||| qw: Do Orc after clearing Dungeon:15 true
     0 | D:1      | 0 ||| qw: Do second Lair branch before Depths: true
     0 | D:1      | 0 ||| qw: Lair rune preference: random
     0 | D:1      | 0 ||| qw: Goals: Normal
     0 | D:1      | 0 ||| PLANNING D:1-11
   231 | D:1      | Reached XP level 2. HP: 16/16 MP: 4/4
   351 | D:1      | Reached skill level 6 in Ranged Weapons
   565 | D:1      | Found a faded altar of an unknown god.
   612 | D:1      | 612 ||| READING scroll labelled QOAKLOOPA QYTE.
   643 | D:1      | 643 ||| READING scroll labelled WET ZIOBBOXAL.
   744 | D:1      | 744 ||| READING scroll labelled MIGHU YPPOPP.
   744 | D:1      | 744 ||| IDENTIFYING silvery potion
   745 | D:1      | 745 ||| DROPPING scroll of butterflies.
  1098 | D:2      | Reached XP level 3. HP: 20/20 MP: 5/5
  1335 | D:2      | 1335 ||| UPGRADING to +0 ring mail.
  1345 | D:2      | 1345 ||| DROPPING +0 leather armour.
  1346 | D:2      | 1346 ||| READING scroll labelled FURPHO ALALOAKKIK.
  1349 | D:2      | 1349 ||| READING scroll labelled BONUIN EDER.
  1350 | D:2      | 1350 ||| READING scroll labelled QEMUOH GAKH.
  1372 | D:3      | Found an opulent altar of Gozag.
  1598 | D:3      | Reached skill level 7 in Ranged Weapons
  1836 | D:3      | Noticed Natasha
  1839 | D:3      | 1839 ||| RETREEEEATING.
  1841 | D:3      | 1841 ||| RETREEEEATING.
  1842 | D:3      | 1842 ||| RETREEEEATING.
  1843 | D:3      | 1843 ||| RETREEEEATING.
  1845 | D:3      | 1845 ||| RETREEEEATING.
  1846 | D:3      | HP: 4/20 [cerulean imp/+4 spear[Natasha] (4)]
  1847 | D:3      | 1847 ||| DRINKING potion of heal wounds.
  1849 | D:3      | 1849 ||| RETREEEEATING.
  1850 | D:3      | 1850 ||| RETREEEEATING.
  1851 | D:3      | HP: 4/20 [cerulean imp/+4 spear[Natasha] (7)]
  1852 | D:3      | HP: 1/20 [cerulean imp/+4 spear[Natasha] (1)]
  1852 | D:3      | Slain by an adder

Levels and vault maps discovered:
D:1:      minmay_arrival_four_houses, layout_loops_cross,
          shapermc_ecumenical_altar_hornbeckon
D:2:      cheibrodos_old_hovel, layout_basic, chequers_jeans,
          minmay_misc_feat_ornament
D:3:      layout_basic, nicolae_hepliaklqana_hazy_memory,
          grunt_gozag_breadcrumbs, uniq_ijyb, uniq_natasha

Skill      XL: |  1  2  3 |
---------------+----------+-----
Ranged Weapons | 6 7 |  7.1
Fighting       | |  1.5
Dodging        | |  2.4
Stealth        | |  1.2

Action                     || total
---------------------------++-------
   Fire: Shortbow          ||    91
    Use: Scroll            ||     6
         Potion            ||     1
 Armour: Leather armour    ||     8
         Ring mail         ||    23
  Dodge: Dodged            ||    26

Table legend:
 A = Non-vault XP
 B = Vault XP
 C = Vault XP percentage of total XP
 D = Non-vault monster count
 E = Vault monster count
 F = Vault count percentage of total count
                 A         B        C        D         E       F
            +---------+---------+-------+---------+---------+-------
      Total |      69 |       2 |   2.8 |      34 |       1 |   2.9
            +---------+---------+-------+---------+---------+-------
        D:1 |      23 |       0 |   0.0 |      14 |       0 |   0.0
        D:2 |      20 |       2 |   9.1 |      13 |       1 |   7.1
        D:3 |      26 |       0 |   0.0 |       7 |       0 |   0.0
            +---------+---------+-------+---------+---------+-------
